 Dungeon Crawl Stone Soup version 0.30.1-3-gfc49f6343a (webtiles) character file.

Game seed: 16203851257596390647

55850 Pepete the Warrior (level 14, -7/138 HPs)
             Began as a Minotaur Berserker on July 23, 2023.
             Was an Elder of Trog.
             Mangled by a very large slime creature (36 damage)
             ... on level 12 of the Dungeon.
             The game lasted 00:30:26 (35711 turns).

Pepete the Warrior (Minotaur Berserker)            Turns: 35711, Time: 00:30:27

Health: -7/138     AC: 25    Str: 39    XL:     14   Next: 39%
Magic:  13/13      EV: 12    Int:  4    God:    Trog [****..]
Gold:   1179       SH:  0    Dex:  7    Spells: 13/13 levels left

rFire   . . .        I - +3 quick blade (flame)
rCold   . . .        (no shield)
rNeg    + . .        m - +2 plate armour
rPois   .            (helmet restricted)
rElec   .            (no cloak)
rCorr   +            u - +3 pair of gloves of Limited Liability {rN+ rCorr Dex-3}
SInv    .            l - +2 pair of boots
Will    +....        e - amulet of faith Stlth
                     f - +6 ring of strength
HPRegen 0.43/turn    n - +6 ring of strength
MPRegen 0.13/turn

%: faith
@: no status effects
A: horns 2, retaliatory headbutt
a: Renounce Religion, Berserk, Trog's Hand, Brothers in Arms


You were on level 12 of the Dungeon.
You worshipped Trog.
Trog was greatly pleased with you.
You visited 2 branches of the dungeon, and saw 17 of its levels.

You collected 1589 gold pieces.
You spent 410 gold pieces at shops.

Inventory:

Hand Weapons
 a - a +1 short sword of protection
 o - a +1 falchion of electrocution
 H - a +2 short sword of venom
 I - a +3 quick blade of flaming (weapon)
 P - a +0 antimagic dire flail
Missiles
 L - a throwing net (quivered)
Armour
 l - a +2 pair of boots (worn)
 m - a +2 plate armour (worn)
 u - the +3 pair of gloves of Limited Liability (worn) {rN+ rCorr Dex-3}
   (You found it on level 7 of the Dungeon)

   Dex:       It affects your dexterity (-3).
   rN:        It protects you from negative energy.
   rCorr:     It protects you from acid and corrosion.
Jewellery
 b - a ring of willpower
 e - an amulet of faith (around neck)
 f - a +6 ring of strength (left hand)
 n - a +6 ring of strength (right hand)
 t - a ring of protection from cold
 y - a +4 ring of protection
 C - an amulet of guardian spirit
 D - a ring of fire
 E - an amulet of reflection
 M - a +6 ring of strength
Wands
 d - a wand of iceblast (6)
 r - a wand of charming (10)
 v - a wand of digging (7)
 K - a wand of quicksilver (3)
Scrolls
 c - 10 scrolls of teleportation
 g - 4 scrolls of poison
 h - 4 scrolls of magic mapping
 k - 3 scrolls of noise
 p - 8 scrolls of identify
 x - 2 scrolls of amnesia
 G - a scroll of fog
 J - 2 scrolls of silence
Potions
 i - 2 potions of might
 j - 7 potions of curing
 q - 4 potions of attraction
 s - a potion of heal wounds
 w - 2 potions of berserk rage
 z - a potion of degeneration
 A - 2 potions of haste
 B - 2 potions of flight
 F - 2 potions of lignification
 N - 2 potions of mutation


   Skills:
 + Level 16.7 Fighting
 + Level 15.4 Short Blades
 + Level 12.6 Armour
 - Level 14.4 Dodging


You had 13 spell levels left.
You didn't know any spells.
Your spell library was empty.

Dungeon Overview and Level Annotations

Branches:
Dungeon (12/15)            Temple (0/1) D:5            Lair (5/5) D:10
 Shoals (0/4) Lair:3        Snake (0/4) Lair:3        Slime (0/5) Lair:5
    Orc (0/2) D:9

Altars:
Trog
Uskayaw
Wu Jian
Xom
Jiyva

Shops:
D:6 !   D:9 [   D:11 *

Portals:
Trove: D:11 (give 2 scrolls of acquirement)

Annotations:
Lair:2 2 transporters, Yhyet's ghost, journeyman MiFi
Lair:3 3 runed translucent doors, Pepete's ghost, journeyman OgBe; wingedge's ghost, journeyman DgWn


Innate Abilities, Weirdness & Mutations

You have a pair of horns on your head.
You reflexively headbutt those who attack you in melee.


Message History

You headbutt the very large slime creature!
The very large slime creature is moderately wounded.
You hit the very large slime creature. You burn the very large slime creature.
The very large slime creature is moderately wounded.
You hit the very large slime creature. You burn the very large slime creature.
You headbutt the very large slime creature!
The very large slime creature is moderately wounded.
The very large slime creature hits you!
You hit the very large slime creature but do no damage.
The very large slime creature is moderately wounded.
You hit the very large slime creature. You burn the very large slime creature.
You headbutt the very large slime creature.
The very large slime creature is moderately wounded.
You hit the very large slime creature. You burn the very large slime creature.
The very large slime creature is moderately wounded.
The very large slime creature hits you!!
You hit the very large slime creature. You burn the very large slime creature.
The very large slime creature is moderately wounded.
You barely miss the very large slime creature.
You headbutt the very large slime creature.
The very large slime creature is moderately wounded.
You hit the very large slime creature but do no damage.
You headbutt the very large slime creature!
The very large slime creature is heavily wounded.
You barely miss the very large slime creature.
You headbutt the very large slime creature!!
The very large slime creature is heavily wounded.
The very large slime creature hits you!!!
* * * LOW HITPOINT WARNING * * *
You hit the very large slime creature. You burn the very large slime creature.
You headbutt the very large slime creature!
The very large slime creature is severely wounded.
You hit the very large slime creature. You burn the very large slime creature.
You headbutt the very large slime creature.
The very large slime creature is severely wounded.
You hit the very large slime creature. You burn the very large slime creature.
You headbutt the very large slime creature.
The very large slime creature is severely wounded.
The very large slime creature hits you!!!
You die...

###.#...######.# .
#........# +# .#
#.#>.....### ###.#
... #........#
....#...#
#..#####.##
##......
#........##.##....#
#..#.#...##.....#
#....###.#####.##
###### #....@J.#
#########


You could see a very large slime creature.

Vanquished Creatures
  Kirke (Lair:5)
  Snorg (D:11)
  Erolcha (D:9)
  5 hydras
  A catoblepas (Lair:5)
  4 boulder beetles
  6 death yaks
  Urug (Lair:2)
  3 skysharks
  Amaemon (D:9)
  A goliath frog (Lair:5)
  An oklob plant (Lair:5)
  2 cyclopes
  5 elephants (Lair:3)
  A merfolk siren (Lair:3)
  3 black mambas (Lair:3)
  An orange demon (D:9)
  Maggie (D:9)
  Psyche (D:8)
  A kobold demonologist (D:10)
  18 cane toads
  An unseen horror (D:11)
  A rime drake (Lair:3)
  8 komodo dragons
  A guardian mummy (D:11)
  5 trolls
  2 polar bears
  3 tyrant leeches (Lair:5)
  10 dream sheep
  28 blink frogs
  Sigmund (D:2)
  A slime creature (D:12)
  3 shadows
  4 basilisks
  2 wraiths (D:7)
  54 yaks
  6 hogs (Lair:5)
  2 wyverns
  A steam dragon (D:7)
  6 vampire mosquitoes
  2 wargs (D:9)
  2 acid dragons
  4 nagas (Lair:3)
  14 water moccasins
  3 ice beasts
  7 orc warriors
  3 black bears
  6 wolves (Lair:4)
  2 ogres
  3 centaurs
  11 bullfrogs
  8 kobold brigands
  A gnoll sergeant (D:7)
  A scorpion (D:6)
  Blork the orc (D:4)
  8 killer bees
  3 howler monkeys
  An electric eel (Lair:5)
  3 hounds
  6 orc priests
  A jelly (D:7)
  A gnoll bouda (D:10)
  3 iguanas
  Ijyb (D:4)
  11 orc wizards
  8 adders
  12 gnolls
  5 shadow imps
  3 white imps
  An ufetubus (D:4)
  3 worms
  A dart slug (D:1)
  39 orcs
  4 bats
  7 endoplasms
  4 giant cockroaches
  7 goblins
  2 hobgoblins
  8 jackals
  48 kobolds
  3 quokkas
  9 ball pythons
  4 frilled lizards
  7 rats
479 creatures vanquished.

Notes
Turn   | Place    | Note
-------+----------+-------------------------------------------
     0 | D:1      | Pepete the Minotaur Berserker began the quest for the Orb.
     0 | D:1      | Reached XP level 1. HP: 19/19 MP: 0/0
   136 | D:1      | Reached XP level 2. HP: 23/27 MP: 1/1
   306 | D:1      | Reached skill level 4 in Fighting
   444 | D:1      | Reached ** piety under Trog
   821 | D:2      | Reached XP level 3. HP: 30/33 MP: 2/2
   957 | D:2      | Found a shimmering altar of Xom.
  1148 | D:2      | Identified the +1 hand axe of Irritation {venom, Will-
                  | Str+4}
  1406 | D:2      | Reached XP level 4. HP: 33/41 MP: 3/3
  1722 | D:2      | Found a faded altar of an unknown god.
  1790 | D:2      | Noticed Sigmund
  1800 | D:2      | Killed Sigmund
  1801 | D:2      | Reached skill level 5 in Fighting
  1801 | D:2      | Reached XP level 5. HP: 43/48 MP: 4/4
  1998 | D:3      | Reached *** piety under Trog
  2001 | D:3      | Reached skill level 5 in Short Blades
  2082 | D:3      | Reached XP level 6. HP: 38/56 MP: 5/5
  2566 | D:3      | Identified the +0 leather armour of the Enchanted Forest
                  | {SInv}
  2955 | D:4      | Reached skill level 5 in Armour
  3086 | D:4      | Reached skill level 6 in Fighting
  3088 | D:4      | Noticed Ijyb
  3109 | D:4      | Killed Ijyb
  3276 | D:4      | Noticed a yak
  3277 | D:4      | Noticed a yak
  3277 | D:4      | Noticed a yak
  3286 | D:4      | Killed a yak
  3287 | D:4      | Reached XP level 7. HP: 64/64 MP: 6/6
  3295 | D:4      | Killed a yak
  3300 | D:4      | Killed a yak
  3301 | D:4      | Reached skill level 7 in Fighting
  4186 | D:4      | Noticed Blork the orc
  4201 | D:4      | Reached **** piety under Trog
  4216 | D:4      | Killed Blork the orc
  4217 | D:4      | Reached XP level 8. HP: 53/73 MP: 7/7
  4764 | D:5      | Entered Level 5 of the Dungeon
  5472 | D:5      | Found a staircase to the Ecumenical Temple.
  5700 | D:5      | Reached skill level 8 in Fighting
  5972 | D:5      | Found an ornate altar of the Wu Jian Council.
  6619 | D:6      | Found Semom's Distillery.
  6934 | D:6      | Bought a potion of heal wounds for 65 gold pieces
  6934 | D:6      | Bought 2 potions of heal wounds for 130 gold pieces
  6934 | D:6      | Bought 2 potions of curing for 78 gold pieces
  6934 | D:6      | Bought a potion of heal wounds for 65 gold pieces
  7906 | D:7      | Reached skill level 9 in Fighting
  7906 | D:7      | Reached XP level 9. HP: 80/83 MP: 8/8
  8982 | D:7      | Identified the +3 pair of gloves of Limited Liability {rN+
                  | rCorr Dex-3}
  9198 | D:7      | Noticed a troll
  9215 | D:7      | Killed a troll
  9710 | D:8      | Reached skill level 10 in Fighting
  9793 | D:8      | Noticed Psyche
  9797 | D:8      | Killed Psyche
 10471 | D:8      | Reached skill level 10 in Armour
 11983 | D:9      | Noticed Erolcha
 12000 | D:8      | Reached XP level 10. HP: 39/94 MP: 9/9
 12478 | D:9      | Killed Erolcha
 12479 | D:9      | Reached skill level 10 in Short Blades
 12839 | D:9      | Reached skill level 11 in Fighting
 12851 | D:9      | Found a hide-covered altar of Uskayaw.
 13404 | D:9      | Noticed Maggie
 13424 | D:9      | Found a staircase to the Orcish Mines.
 13432 | D:9      | Killed Maggie
 14026 | D:9      | Reached skill level 12 in Fighting
 14154 | D:9      | Found Qaxulaun's Armour Boutique.
 14787 | D:9      | Noticed Amaemon
 14788 | D:9      | Noticed an orange demon
 14804 | D:9      | Killed Amaemon
 14819 | D:9      | Killed an orange demon
 14820 | D:9      | Reached XP level 11. HP: 69/104 MP: 10/10
 15233 | D:10     | Entered Level 10 of the Dungeon
 16069 | D:10     | Found a staircase to the Lair.
 16870 | D:11     | Found Wigagaut's Assorted Antiques.
 16878 | D:11     | Bought a scroll of teleportation for 72 gold pieces
 18230 | D:11     | Reached skill level 13 in Fighting
 18626 | D:11     | Found a hide-covered altar of Uskayaw.
 18678 | D:11     | Noticed Snorg
 19965 | D:11     | Found a portal to a secret trove of treasure.
 20206 | D:11     | Killed Snorg
 20242 | Lair:1   | Entered Level 1 of the Lair of Beasts
 20335 | Lair:1   | Reached skill level 5 in Dodging
 21365 | Lair:2   | Identified the +2 scale mail "Hacot" {rF+}
 21557 | Lair:2   | Noticed Yhyet's ghost (journeyman MiFi)
 21774 | Lair:2   | Reached XP level 12. HP: 106/115 MP: 11/11
 21841 | Lair:2   | Found a transporter.
 21852 | Lair:2   | Found a bloodstained altar of Trog.
 21860 | Lair:2   | Found a transporter.
 21995 | Lair:2   | Noticed Urug
 22021 | Lair:2   | Killed Urug
 22992 | Lair:3   | Reached skill level 14 in Fighting
 23513 | Lair:3   | Found a staircase to the Snake Pit.
 24569 | Lair:3   | Noticed an eight-headed hydra
 24619 | Lair:3   | Killed an eight-headed hydra
 24795 | Lair:3   | Reached skill level 10 in Dodging
 25406 | Lair:3   | Found a runed translucent gate.
 25406 | Lair:3   | Found a runed translucent gate.
 25406 | Lair:3   | Found a runed translucent gate.
 25407 | Lair:3   | Noticed Pepete's ghost (journeyman OgBe)
 25407 | Lair:3   | Noticed wingedge's ghost (journeyman DgWn)
 25523 | Lair:3   | Found a staircase to the Shoals.
 25976 | Lair:4   | Reached XP level 13. HP: 123/125 MP: 12/12
 26033 | Lair:4   | Reached skill level 15 in Fighting
 26053 | Lair:4   | Reached ***** piety under Trog
 29090 | Lair:5   | Entered Level 5 of the Lair of Beasts
 29112 | Lair:5   | HP: 6/127 [yak (11)]
 30534 | Lair:5   | Received a gift from Trog
 31102 | Lair:5   | Reached skill level 16 in Fighting
 31258 | Lair:5   | Found a staircase to the Slime Pits.
 31263 | Lair:5   | Found a viscous altar of Jiyva.
 31866 | Lair:5   | Reached XP level 14. HP: 112/137 MP: 13/13
 32080 | Lair:5   | Reached skill level 15 in Short Blades
 32230 | Lair:5   | Noticed Kirke
 32650 | Lair:5   | Killed Kirke
 35711 | D:12     | Mangled by a very large slime creature

Illustrated notes

Levels and vault maps discovered:
D:1:      dpeg_arrival_round_b, layout_loops_cross
D:2:      layout_basic, shapermc_ecumenical_altar_notcrosses, basic_altar,
          minmay_pentomino_pile, uniq_sigmund
D:3:      layout_loops_cross
D:4:      layout_basic, serial_demonic, serial_demonic_d, serial_demonic_g,
          serial_demonic_b, serial_demonic_c, minmay_goblin_kobold_house,
          uniq_ijyb, uniq_blork_the_orc
D:5:      layout_loops_ring, nicolae_wu_jian_immortal_techniques,
          minmay_temple_entry_wispy, kennysheep_pointless_box,
          minmay_strange_pillars
D:6:      layout_basic, serial_shops, shop
D:7:      minmay_cornered_nines, layout_rooms
D:8:      layout_basic, uniq_psyche
D:9:      layout_roguey, lemuel_tele_altar, david_orc_1_choice, serial_shops,
          shop, serial_bayou_ford_a, uniq_maggie, uniq_erolcha, uniq_amaemon
D:10:     layout_big_octagon, lair_entry_dummy
D:11:     layout_grid_maze, nicolae_trove_entry_path_of_doom, serial_shops,
          shop, nicolae_uskayaw_dance_hall, uniq_snorg
D:12:     layout_basic, uniq_rupert
Lair:1:   layout_regular_city
Lair:2:   layout_cave_pods, gammafunk_ghost_wrathful_warriors,
          chequers_serial_rivers_micro_b, serial_bayou_crossing, uniq_urug
Lair:3:   layout_small_grid, minmay_shoals_entry_lonely_mermaid,
          minmay_snake_entry_guardpost_small, gammafunk_ghost_cemetery,
          infiniplex_staircase_pool_2
Lair:4:   layout_small_grid, serial_bayou_pond_e, nzn_random_ring
Lair:5:   minmay_lair_end_frog_pond, layout_regular_city, slime_entry_1,
          uniq_kirke

Skill      XL: |  1  2  3  4  5  6  7  8  9 10 11 12 13 14 |
---------------+-------------------------------------------+-----
Fighting       | 4 5 6 7 9 10 12 13 14 16 | 16.7
Armour         | 3 4 5 6 8 10 11 12 | 12.6
Short Blades   | 4 5 6 8 9 11 12 13 14 15 | 15.4
Dodging        | 6 10 13 14 | 14.4

Action                     |  1- 3 |  4- 6 |  7- 9 | 10-12 | 13-15 || total
---------------------------+-------+-------+-------+-------+-------++-------
  Melee: Short sword       |   138 |   146 |   538 |  1116 |   738 ||  2676
         Headbutt          |    17 |    29 |   100 |   279 |   292 ||   717
         Punch             |     1 |       |     7 |    16 |    13 ||    37
         Quick blade       |       |       |       |       |   200 ||   200
 Invoke: Berserk           |       |     2 |     3 |    13 |     9 ||    27
         Trog's Hand       |       |     2 |     4 |    12 |     6 ||    24
  Evoke: Wand              |       |       |     4 |       |     7 ||    11
    Use: Potion            |       |     1 |       |     6 |     8 ||    15
         Scroll            |       |       |    17 |     2 |    12 ||    31
 Armour: Animal skin       |     8 |       |       |       |       ||     8
         Ring mail         |    33 |    42 |       |       |       ||    75
         Chain mail        |       |       |    50 |       |       ||    50
         Plate armour      |       |       |   204 |   526 |   378 ||  1108
  Dodge: Dodged            |    71 |    73 |   166 |   294 |   316 ||   920
